 Dungeon Crawl Stone Soup version 0.30.1-1-g62c8e00024 (webtiles) character file.

Game seed: 1927900944539194530

3428 Fodor the Spear-Bearer (level 9, -5/79 HPs)
             Began as a Minotaur Fighter on July 16, 2023.
             Was an Initiate of Gozag.
             Slain by an orc warrior
             ... wielding a +0 halberd
              (11 damage)
             ... on level 7 of the Dungeon.
             The game lasted 00:32:01 (7170 turns).

Fodor the Spear-Bearer (Minotaur Fighter)           Turns: 7170, Time: 00:32:02

Health: -5/79      AC:  8    Str: 24    XL:     9   Next: 76%
Magic:  8/8        EV: 11    Int:  5    God:    Gozag
Gold:   492        SH:  5    Dex: 11    Spells: 8/8 levels left

rFire   . . .        l - +8 trident of the Octopus King {venom, rElec rPois}
rCold   . . .        c - +0 buckler
rNeg    . . .        b - +0 scale mail
rPois   +            (helmet restricted)
rElec   +            (no cloak)
rCorr   .            (no gloves)
SInv    .            (no boots)
Will    .....        (no amulet) Stlth
                     (no ring)
HPRegen 0.33/turn    (no ring)
MPRegen 0.11/turn

%: no passive effects
@: no status effects
A: horns 2, retaliatory headbutt
a: Renounce Religion, Potion Petition, Call Merchant, Bribe Branch


You were on level 7 of the Dungeon.
You worshipped Gozag.
Gozag was aware of your devotion.
You visited 2 branches of the dungeon, and saw 8 of its levels.
You also visited: Sewer.

You collected 619 gold pieces.
You spent 52 gold pieces at shops.
You paid 75 gold pieces to Gozag.

Inventory:

Hand Weapons
 a - a +0 long sword
 f - a +0 sling
 l - the +8 trident of the Octopus King (weapon) {venom, rElec rPois}
   (You found it on level 2 of the Dungeon)

   rElec:     It insulates you from electricity.
   rPois:     It protects you from poison.
Missiles
 j - 10 poisoned darts (quivered)
 u - 3 throwing nets
 A - 6 javelins
Armour
 b - a +0 scale mail (worn)
 c - a +0 buckler (worn)
Jewellery
 t - a ring of ice
 B - a ring of flight
Wands
 E - a wand of flame (14)
Scrolls
 g - 2 scrolls of noise {unknown}
 h - 3 scrolls of fear {unknown}
 i - a scroll of vulnerability {unknown}
 k - 4 scrolls of identify {unknown}
 n - 3 scrolls of blinking {unknown}
 q - 2 scrolls of amnesia {unknown}
 v - 2 scrolls of fog {unknown}
 x - a scroll of enchant armour {unknown}
 y - 5 scrolls of teleportation {unknown}
 z - 2 scrolls of poison
 C - a scroll of brand weapon {unknown}
Potions
 d - 2 potions of might
 e - 4 potions of flight
 m - 3 potions of haste {unknown}
 o - a potion of invisibility
 p - 2 potions of mutation {unknown}
 r - 3 potions of curing {unknown}
 s - a potion of degeneration {unknown}
 w - 2 potions of heal wounds
 D - a potion of magic {unknown}


   Skills:
 + Level 7.2 Fighting
 + Level 4.3 Long Blades
 + Level 10.1 Polearms
 + Level 9.0 Armour
 + Level 4.1 Dodging
 + Level 1.3 Stealth
 + Level 6.2 Shields


You had 8 spell levels left.
You didn't know any spells.
Your spell library contained the following spells:

 Spells                   Type           Power      Damage    Failure   Level
 Shock                    Conj/Air       0%         1d3       80%         1
 Slow                     Hex            0%         N/A       80%         1
 Confusing Touch          Hex            0%         N/A       99%         3
 Portal Projectile        Hex/Tloc       0%         N/A       99%         3
 Swiftness                Air            0%         N/A       99%         3
 Tukima's Dance           Hex            0%         N/A       99%         3
 Vampiric Draining        Necr           0%         2d6       99%         3
 Airstrike                Air            0%         2d(0-16)  100%        4
 Blade Hands              Tmut           0%         N/A       100%        5


Dungeon Overview and Level Annotations

Branches:
Dungeon (7/15)             Temple (1/1) D:4           Sewer (visited)

Altars:
Ashenzari
Cheibriados
Dithmenos
Elyvilon
Fedhas
Gozag
Hepliaklqana
Kikubaaqudgha
Makhleb
Nemelex Xobeh
Qazlal
Ru
Sif Muna
Uskayaw
Vehumet
Wu Jian
Xom
Yredelemnul
The Shining One

Shops:
D:1 [   D:5 *


Innate Abilities, Weirdness & Mutations

You have a pair of horns on your head.
You reflexively headbutt those who attack you in melee.


Message History

The puff of frost hits something!
Reactivating autopickup.
You feel a bit more experienced.
The orc is distracted by your dazzling golden aura.
The orc shouts!
The orc is no longer distracted by gold.
The white imp hits you but does no damage.
The orc warrior hits you with a +0 halberd.
* * * LOW HITPOINT WARNING * * *
Things that are here:
5 gold pieces; a +0 dagger; a +0 robe You closely miss the white imp.
You headbutt the white imp.
The white imp is heavily wounded.
The orc barely misses you. You block the white imp's attack.
The orc warrior is distracted by your dazzling golden aura.
The orc warrior shouts!
You barely miss the white imp.
You headbutt the white imp, but do no damage.
The white imp is heavily wounded.
The orc misses you. The white imp barely misses you. You furiously retaliate!
You headbutt the white imp!
You kill the white imp!
Your Armour skill increases to level 9!
You puncture the orc!
You kill the orc!
You impale the orc!!
You kill the orc!
Items here: $ )) [.
The orc warrior is no longer distracted by gold.
The orc warrior hits you with a +0 halberd!
* * * LOW HITPOINT WARNING * * *
You barely miss the orc warrior. You headbutt the orc warrior!
The orc warrior is moderately wounded.
You block the orc warrior's attack.
You hit the orc warrior.
The orc warrior is poisoned.
Your headbutt misses the orc warrior.
The orc warrior is heavily wounded.
The orc warrior hits you with a +0 halberd!
You die...
Your body crumbles into a pile of gold.

...............
#.(.................
...................#
...................
............$....#.#
.................#.#
...<................
....................
#......$..<@....###
#.###.....#o....# #
#####.#$.####
....##.....$##
#...........#
###....##...#
#.........#
#..#...>....#
#........##..#


You could see an orc warrior (very poisoned).

Vanquished Creatures
  Pikel (D:5)
  A deep elf zephyrmancer (D:6)
  Grinder (D:3)
  Sigmund (D:4)
  A steam dragon (D:6)
  Edmund (D:4)
  2 water moccasins
  2 ice beasts (D:6)
  2 black bears (D:5)
  2 ogres (D:4)
  A lemure (D:5)
  A kobold brigand (Sewer)
  Blork the orc (D:5)
  3 scorpions
  A howler monkey (D:6)
  A bullfrog zombie (D:4)
  2 hounds
  A gnoll bouda (D:5)
  4 sleepcaps
  2 iguanas
  3 orc wizards
  2 hound zombies (D:4)
  10 gnolls
  14 adders
  3 river rats (Sewer)
  A shadow imp (D:6)
  A white imp (D:7)
  An ufetubus (D:5)
  An adder zombie (D:4)
  5 dart slugs
  18 orcs
  8 ball pythons
  5 bats
  12 endoplasms
  4 giant cockroaches
  6 hobgoblins
  13 jackals
  8 kobolds
  5 quokkas
  8 frilled lizards
  11 goblins
  8 rats
178 creatures vanquished.

Vanquished Creatures (others)
  An orc wizard (D:7)
1 creature vanquished.

Grand Total: 179 creatures vanquished

Notes
Turn   | Place    | Note
-------+----------+-------------------------------------------
     0 | D:1      | Fodor the Minotaur Fighter began the quest for the Orb.
     0 | D:1      | Reached XP level 1. HP: 19/19 MP: 0/0
    86 | D:1      | Found Pekuung's Armour Shop.
   158 | D:1      | Reached XP level 2. HP: 27/27 MP: 1/1
   577 | D:1      | Reached XP level 3. HP: 30/33 MP: 2/2
   617 | D:1      | Found a faded altar of an unknown god.
  1199 | D:2      | Found the +8 trident of the Octopus King {venom, rElec
                  | rPois}
  1217 | D:2      | Reached XP level 4. HP: 35/40 MP: 3/3
  1646 | D:2      | Found a glowing golden altar of the Shining One.
  2045 | D:3      | Reached skill level 1 in Polearms
  2080 | D:3      | Found a sacrificial altar of Ru.
  2104 | D:3      | Found a radiant altar of Vehumet.
  2398 | D:3      | Noticed Grinder
  2411 | D:3      | Paralysed by Grinder for 4 turns
  2415 | D:3      | Killed Grinder
  2416 | D:3      | Reached skill level 3 in Polearms
  2416 | D:3      | Reached skill level 5 in Armour
  2416 | D:3      | Reached skill level 1 in Dodging
  2416 | D:3      | Reached XP level 5. HP: 7/47 MP: 4/4
  2416 | D:3      | Reached XP level 6. HP: 8/53 MP: 5/5
  3034 | D:4      | Reached skill level 4 in Polearms
  3193 | D:4      | Found a glowing drain.
  3204 | Sewer    | Entered a sewer
  3290 | Sewer    | Found a white marble altar of Elyvilon.
  3516 | D:4      | Reached XP level 7. HP: 44/60 MP: 6/6
  3664 | D:4      | Found a staircase to the Ecumenical Temple.
  3672 | Temple   | Entered the Ecumenical Temple
  3761 | D:4      | Reached skill level 5 in Polearms
  3860 | D:4      | Reached skill level 5 in Fighting
  4105 | D:4      | Reached skill level 5 in Shields
  4165 | D:4      | Found a hide-covered altar of Uskayaw.
  4225 | D:4      | Reached skill level 6 in Polearms
  4252 | D:4      | Noticed Edmund
  4253 | D:4      | Noticed Sigmund
  4267 | D:4      | Killed Edmund
  4278 | D:4      | Killed Sigmund
  4279 | D:4      | Reached XP level 8. HP: 15/69 MP: 7/7
  4601 | D:4      | Found a basalt altar of Yredelemnul.
  4606 | D:4      | Reached skill level 7 in Polearms
  4623 | D:5      | Entered Level 5 of the Dungeon
  4737 | D:5      | Found an opulent altar of Gozag.
  4742 | D:5      | Became a worshipper of Gozag Ym Sagoz the Greedy
  4756 | D:5      | Noticed Pikel
  4770 | D:5      | Killed Pikel
  4771 | D:5      | Reached skill level 8 in Polearms
  4938 | D:5      | Found Efudaol's Serpentskin Sales.
  4949 | D:5      | Bought a scroll of poison for 52 gold pieces
  4950 | D:5      | Noticed Blork the orc
  4963 | D:5      | Killed Blork the orc
  5223 | D:5      | Reached XP level 9. HP: 77/77 MP: 8/8
  5375 | D:5      | Identified the staff of earth "Amiuni" {Int+2 Dex+2}
  5417 | D:5      | Reached skill level 1 in Stealth
  5505 | D:5      | Found a burning altar of Makhleb.
  5670 | D:5      | Found a hazy altar of Hepliaklqana.
  5829 | D:5      | Identified the +4 ring mail of Perfidy {Harm}
  5923 | D:5      | Found a snail-covered altar of Cheibriados.
  6125 | D:6      | Reached skill level 9 in Polearms
  6306 | D:6      | Noticed a deep elf zephyrmancer
  6311 | D:6      | Killed a deep elf zephyrmancer
  6711 | D:6      | Reached skill level 10 in Polearms
  6720 | D:6      | Found a stormy altar of Qazlal.
  7170 | D:7      | Slain by an orc warrior

Illustrated notes

Levels and vault maps discovered:
D:1:      ebering_trefoil_twist, layout_rooms,
          hellmonk_ecumenical_altar_defaced_shrine, serial_shops, shop,
          minmay_fountain_box, ebering_dispersal_statue_hall
D:2:      layout_basic, basic_altar
D:3:      layout_basic, lemuel_crystal_altar, nicolae_ru_path_of_blood,
          minmay_fractal_squares_5, uniq_grinder
D:4:      minmay_recursive_quarters, layout_cave_pools,
          nicolae_uskayaw_dance_hall, nicolae_yredelemnul_corpse_copse,
          temple_doors_e, portal_sewer_entry_d, sigmund_edmund_badplayer
D:5:      layout_gridville, nicolae_hepliaklqana_hazy_memory,
          kennysheep_little_box, mainiacjoe_overflow_alcove_1,
          amcnicky_altar_gilded, guppyfry_shop_venom, uniq_blork_the_orc,
          uniq_pikel
D:6:      layout_loops_corners, lemuel_coloured_pillars_altar,
          guppyfry_early_elven_hall
D:7:      layout_cave_pools, enter_bailey_5
Temple:   nicolae_temple_ecumenical_triangle

Skill      XL: |  1  2  3  4  5  6  7  8  9 |
---------------+----------------------------+-----
Shields        | 4 5 6 |  6.2
Long Blades    | 3 4 |  4.3
Armour         | 4 5 6 7 9 |  9.0
Polearms       | 3 4 6 8 10 | 10.1
Fighting       | 4 5 6 7 |  7.2
Dodging        | 1 2 3 4 |  4.1
Stealth        | 1 |  1.3

Action                     |  1- 3 |  4- 6 |  7- 9 || total
---------------------------+-------+-------+-------++-------
  Melee: Long sword        |    85 |     1 |       ||    86
         Headbutt          |    13 |    13 |    34 ||    60
         Trident           |       |   108 |   183 ||   291
  Throw: Dart              |       |       |     1 ||     1
   Stab: Distracted        |       |       |     1 ||     1
 Armour: Scale mail        |    53 |    59 |    70 ||   182
  Dodge: Dodged            |    55 |    47 |   112 ||   214
  Block: Buckler           |    26 |    27 |    46 ||    99
